 Dungeon Crawl Stone Soup version 0.18.1-1-g2f07953 (webtiles) character file.

42 kspaans the Gusty (level 3, -2/26 HPs)
             Began as a Draconian Air Elementalist on May 15, 2016.
             Slain by an adder (3 damage)
             ... on level 2 of the Dungeon on May 16, 2016.
             The game lasted 00:21:23 (1904 turns).

kspaans the Gusty (Draconian Air Elementalist)      Turns: 1904, Time: 00:21:23

Health: -2/26      AC:  5    Str: 10    XL:     3   Next: 33%
Magic:  4/6        EV:  7    Int: 16    God:
Gold:   27         SH:  0    Dex: 11    Spells: 2 memorised, 4 levels left

rFire  . . .     SeeInvis .     e - +0 club
rCold  . . .     Gourm    .     (armour unavailable)
rNeg   . . .     Faith    .     (no shield)
rPois  .         Spirit   .     (helmet restricted)
rElec  .         Dismiss  .     (no cloak)
rCorr  .         Reflect  .     (no gloves)
SustAt .         Harm     .     (no boots)
MR     .....                    (no amulet)
Stlth  ++........               (no ring)
                                (no ring)

@: swift (expiring), flying, quick, not resistant to hostile enchantments,
unstealthy
A: unfitting armour, cold-blooded, AC +5
a: no special abilities


You were on level 2 of the Dungeon.
You were very hungry.

You visited 1 branch of the dungeon, and saw 3 of its levels.

You collected 27 gold pieces.

Inventory:

Hand Weapons
 e - a +0 club (weapon)
 l - a +0 dagger
Missiles
 c - 33 arrows
 f - 2 stones (quivered)
Scrolls
 h - a scroll of identify {unknown}
 i - a scroll of amnesia {unknown}
 k - 2 scrolls of remove curse {unknown}
 o - a scroll of enchant armour {unknown}
Potions
 d - a potion of degeneration {unknown}
 g - a potion of brilliance {unknown}
 j - 3 potions of heal wounds {unknown}
 m - a potion of flight
 n - a potion of lignification {unknown}
Books
 a - a book of Air

   Spells                             Type                      Level
   a - Shock                          Conjuration/Air              1
   b - Swiftness                      Charms/Air                   2
   c - Repel Missiles                 Charms/Air                   2
   d - Static Discharge               Conjuration/Air              3
   e - Lightning Bolt                 Conjuration/Air              5
Comestibles
 b - a bread ration


   Skills:
 + Level 0.2 Maces & Flails
 + Level 1.7 Dodging
 * Level 1.8 Stealth
 * Level 2.6 Spellcasting
 * Level 1.6 Conjurations
 * Level 3.6 Air Magic


You had 4 spell levels left.
You knew the following spells:

 Your Spells              Type           Power        Failure   Level  Hunger
a - Shock                 Conj/Air       ##..         10%         1    #......
b - Swiftness             Chrm/Air       #.......     17%         2    ##.....


Dungeon Overview and Level Annotations

Branches:
Dungeon (3/15)

Altars:


Innate Abilities, Weirdness & Mutations

Your plain brown scales are hard (AC +5).
Your body does not fit into most forms of armour.
You are cold-blooded and may be slowed by cold attacks.


Message History

Confirm with . or Enter, or press ? or * to list all spells.
You feel quick.
You are feeling very hungry.
The adder bites you.
* * * LOW HITPOINT WARNING * * *
Unknown command.
* * * LOW HITPOINT WARNING * * *
You feel sick.
Drink which item? (? for menu, Esc to quit)
It was a potion of flight.
You feel very buoyant.
You fly up into the air.
The adder barely misses you. The adder closely misses you.
* * * LOW HITPOINT WARNING * * *
You feel sick.
You are no longer poisoned.
There is a stone staircase leading up here.
You start to feel a little slower.
The adder bites you.
You die...

#.####..#####.##
#.####..# #.#
##.#.....# #.#
..>#.###.# #.#
####.# #.# #.#
#.###.# #S#
#.....# #.#
####### #S###
#.S@# ##### #+#


You could see 2 adders.

Vanquished Creatures
  An adder (D:1)
  A giant gecko (D:1)
  4 bats (D:1)
  A giant cockroach (D:1)
  4 goblins
  6 hobgoblins (D:1)
  A jackal (D:1)
  4 kobolds
  6 rats
28 creatures vanquished.

Notes
Turn   | Place    | Note
--------------------------------------------------------------
     0 | D:1      | kspaans the Draconian Air Elementalist began the quest for the Orb.
     0 | D:1      | Reached XP level 1. HP: 14/14 MP: 3/3
   511 | D:1      | Reached XP level 2. HP: 20/20 MP: 3/5
  1278 | D:2      | Reached XP level 3. HP: 26/26 MP: 4/6
  1282 | D:2      | Learned a level 2 spell: Swiftness
  1896 | D:2      | HP: 1/26 [poisoned by an adder]
  1901 | D:2      | HP: 1/26 [poisoned by an adder]
  1904 | D:2      | Slain by an adder

Action                   || total
-------------------------++-------
Melee: Club              ||     6
       Unarmed           ||     1
       Tailslap          ||     1
Throw: Stone             ||     1
 Cast: Shock             ||    70
       Swiftness         ||     1
  Use: Potion            ||     1
  Eat: Chunk             ||     3
Armor: Skin              ||    16
Dodge: Dodged            ||    40
